 Dungeon Crawl Stone Soup version 0.19.1 (console) character file.

68507 Kloppie the Warrior (level 14, -5/143 HPs)
             Began as a Yellow Draconian Berserker on Dec 9, 2016.
             Was a High Priest of Trog.
             Killed from afar by an orc sorcerer (25 damage)
             ... with a bolt of fire
             ... on level 2 of the Orcish Mines.
             The game lasted 00:34:29 (21413 turns).

Kloppie the Warrior (Yellow Draconian Berserker)   Turns: 21413, Time: 00:34:30

Health: -5/143     AC: 11    Str: 20    XL:     14   Next: 86%
Magic:  4/4        EV: 20    Int:  7    God:    Trog [*****.]
Gold:   1387       SH:  0    Dex: 14    Spells: 0 memorised, 13 levels left

rFire  . . .     SeeInvis +     a - +4 great sword (antimagic)
rCold  + . .     Gourm    .     (armour unavailable)
rNeg   . . .     Faith    .     (shield currently unavailable)
rPois  +         Spirit   .     j - +0 hat {SInv}
rElec  .         Reflect  .     e - +0 cloak
rCorr  +         Harm     .     d - +0 pair of gloves
MR     +++..     Rnd*Rage +     q - +0 pair of boots
Stlth  +.........               (no amulet)
                                I - ring of protection from cold
                                G - +3 ring of evasion

@: lethally poisoned (-5 -> -5), regenerating, drained
A: spit acid, acid resistance, unfitting armour, berserk 1, clumsy 1, poison
resistance, wild magic 2, acidic bite, cold-blooded, AC +8
a: Spit Acid, Berserk, Trog's Hand, Brothers in Arms, Burn Spellbooks, Renounce
Religion


You were on level 2 of the Orcish Mines.
You worshipped Trog.
Trog was extremely pleased with you.
You were hungry.

You visited 3 branches of the dungeon, and saw 18 of its levels.
You also visited: Ossuary and Ice Cave.

You collected 2414 gold pieces.
You spent 1027 gold pieces at shops.

Inventory:

Hand Weapons
 a - a +4 antimagic great sword (weapon)
 b - a +4 scimitar of flaming
 T - a +4 great sword of freezing
Armour
 d - a +0 pair of gloves (worn)
 e - a +0 cloak (worn)
 j - a +0 hat of see invisible (worn)
 q - a +0 pair of boots (worn)
Jewellery
 h - an uncursed ring of poison resistance
 t - an uncursed ring of protection from cold
 A - an uncursed ring of see invisible
 G - a +3 ring of evasion (left hand)
 H - an uncursed ring of stealth
 I - a ring of protection from cold (right hand)
Wands
 v - a wand of iceblast (6/15)
 M - a wand of teleportation (3/9)
 V - a wand of slowing (13/48)
Scrolls
 i - 6 scrolls of enchant armour
 m - 2 scrolls of noise
 p - 3 scrolls of fog
 r - 10 scrolls of remove curse
 u - 4 scrolls of magic mapping
 x - 2 scrolls of fear
 y - 2 scrolls of recharging
 B - 2 scrolls of teleportation
 F - 5 scrolls of identify
 J - 2 scrolls of enchant weapon
 N - a scroll of brand weapon
 R - a scroll of blinking
Potions
 c - 3 potions of haste
 f - 7 potions of curing
 k - a potion of berserk rage {unknown}
 l - a potion of agility
 o - a potion of resistance
 s - 4 potions of brilliance
 z - a potion of cancellation
 C - 2 potions of flight
 K - a potion of ambrosia {unknown}
 L - 2 potions of cure mutation
 O - 2 potions of heal wounds
 Q - a potion of might
 U - a potion of invisibility
Miscellaneous
 P - a phantom mirror
Comestibles
 g - 9 meat rations
 n - 7 beef jerkies
 w - 14 bread rations
 D - 3 royal jellies
 E - 4 slices of pizza


   Skills:
 - Level 18.2(17.5) Fighting
 + Level 17.2(16.6) Long Blades
 - Level 9.1(8.6) Dodging


You had 13 spell levels left.
You didn't know any spells.

Dungeon Overview and Level Annotations

Branches:
Dungeon (10/15)            Temple (0/1) D:7            Lair (6/6) D:8
 Shoals (0/4) Lair:4       Spider (0/4) Lair:4        Slime (0/5) Lair:6
    Orc (2/2) D:10            Elf (0/3) Orc:2

Altars:
Dithmenos
Fedhas
Hepliaklqana
Makhleb
Okawaru
Ru
Uskayaw
Yredelemnul
Jiyva

Shops:
D:5 **:}   D:6 }   D:9 !


Innate Abilities, Weirdness & Mutations

You can spit globs of acid.
You are resistant to acid.
Your golden yellow scales are hard. (AC +8)
You cannot fit into any form of body armour.
You have acidic saliva.
You are cold-blooded and may be slowed by cold attacks.
You tend to lose your temper in combat.
You are clumsy. (Dex -2)
Your system is resistant to poisons. (rPois)
Your spells are harder to cast, but more powerful.


Message History

The orc sorcerer casts a spell.
You hit the orc high priest.
Your tail-slap misses the orc high priest.
The orc high priest is almost dead.
You feel sick. The orc priest closely misses you.
The orc high priest closely misses you.
You riposte.
You hit the orc high priest but do no damage.
You bite the orc high priest, but do no damage.
The orc high priest is almost dead.
The orange demon misses you.
You hit the orc high priest.
You kill the orc high priest!
Trog accepts your kill.
The smoke demon disappears in a puff of smoke!
The orange demon disappears in a puff of smoke!
The rust devil disappears in a puff of smoke!
You feel sick. The orc sorcerer casts a spell at you.
The bolt of fire hits you!
You die...

#....#....#.#...............
##..#..........##...........
##.............##..........
###..........................
##..........#.................
#.............................
#....#......[.................
##.....(...<)))§.[............
##.#.##....(3@.§..............
##...#.#.....[oo§........#....#
#..............................
##..##..#.#.............##.....
#####...............#....##...
#...#...................)..
##..............##..#.....)
#......#.........3#####....
#..................#.#..o4.


You could see a neqoxec, an orc sorcerer and an orc priest.

Vanquished Creatures
  A frost giant (IceCv)
  7 hydras
  A catoblepas (Lair:6)
  Erica (D:8)
  The ghost of miloradov the Thaumaturge, a journeyman HECj of Vehumet (Lair:2)
  A deep troll shaman (Lair:6)
  5 death yaks
  2 orc high priests (Orc:2)
  Nergalle (Lair:3)
  An unseen horror (D:10)
  2 hill giants (D:10)
  2 orc knights (Orc:1)
  A manticore (Lair:4)
  An oklob plant (Lair:5)
  2 cyclopes
  5 black mambas
  17 elephants
  Maurice (D:10)
  7 spiny frogs
  An ice statue (IceCv)
  A torpor snail (Lair:5)
  9 komodo dragons
  3 rime drakes
  17 polar bears
  A hornet (Lair:4)
  14 blink frogs
  3 hippogriffs
  7 dream sheep (Lair:6)
  The ghost of makewrite the Conjurer, an amateur DEFE (D:4)
  2 redbacks (Lair:4)
  Eustachio (D:5)
  62 yaks
  3 wyverns
  A basilisk (Lair:3)
  A mottled dragon (D:8)
  3 wargs
  Duvessa (D:5)
  15 water moccasins
  10 porcupines
  16 orc warriors
  An ice beast (D:10)
  A necrophage (D:5)
  8 black bears
  2 sky beasts
  4 ogres
  4 boggarts (Lair:4)
  39 wolves
  4 centaurs
  17 crocodiles
  23 bullfrogs
  Dowan (D:5)
  A water moccasin zombie (D:6)
  6 killer bees
  4 scorpions
  5 wights (D:10)
  10 howler monkeys
  A centaur zombie (D:5)
  3 crimson imps
  2 bullfrog zombies
  9 hounds
  10 orc priests
  Ijyb (D:2)
  A jelly (D:7)
  12 orc wizards
  A bullfrog skeleton (D:10)
  Terence (D:2)
  4 iguanas
  5 hell rats (Lair:1)
  4 worker ants
  A big kobold zombie (Ossuary)
  A hound zombie (D:6)
  The ghost of makewrite the Magician, a weakling DEWz (D:3)
  A hound skeleton (D:10)
  8 mummies (Ossuary)
  A worker ant zombie (D:7)
  7 gnolls
  16 adders
  14 river rats (Lair:1)
  5 shadow imps
  An ooze (D:2)
  2 adder zombies
  2 adder skeletons
  5 worms (D:2)
  3 dart slugs (D:1)
  13 leopard geckos
  52 orcs
  A bat skeleton (D:2)
  3 giant cockroaches
  11 goblins
  10 hobgoblins
  21 jackals
  2 quokkas
  2 ball pythons
  5 bats
  3 frilled lizards
  A giant cockroach zombie (D:5)
  A hobgoblin zombie (Ossuary)
  5 kobolds (D:1)
  3 kobold zombies (Ossuary)
  3 leopard gecko skeletons
  3 orc zombies (Ossuary)
  21 rats
  A spectral orc (D:8)
644 creatures vanquished.

Vanquished Creatures (others)
  4 fungi
  3 plants
7 creatures vanquished.

Grand Total: 651 creatures vanquished

Notes
Turn   | Place    | Note
-------+----------+-------------------------------------------
     0 | D:1      | Kloppie the Draconian Berserker began the quest for the Orb.
     0 | D:1      | Reached XP level 1. HP: 19/19 MP: 1/1
   141 | D:1      | Reached XP level 2. HP: 26/26 MP: 2/2
   219 | D:1      | Reached XP level 3. HP: 27/31 MP: 3/3
   301 | D:1      | Reached ** piety under Trog
   791 | D:2      | Noticed Terence
   791 | D:2      | Noticed Ijyb
   803 | D:2      | Reached skill level 5 in Long Blades
   803 | D:2      | Reached XP level 4. HP: 37/38 MP: 4/4
   810 | D:2      | Killed Ijyb
   813 | D:2      | Killed Terence
   817 | D:2      | Reached XP level 5. HP: 16/45 MP: 5/5
  1204 | D:2      | Found an iron altar of Okawaru.
  1287 | D:2      | Reached *** piety under Trog
  1378 | D:2      | Found a blossoming altar of Fedhas.
  1807 | D:3      | Noticed makewrite's ghost (weakling DEWz)
  1808 | D:3      | Found a faded altar of an unknown god.
  1814 | D:3      | Killed makewrite's ghost
  2021 | D:3      | Reached XP level 6. HP: 43/51 MP: 6/6
  2201 | D:3      | Found a hazy altar of Hepliaklqana.
  2250 | D:3      | Found a hide-covered altar of Uskayaw.
  2251 | D:3      | Found a sacrificial altar of Ru.
  2363 | D:4      | Found a shadowy altar of Dithmenos.
  2693 | D:4      | Noticed makewrite's ghost (amateur DEFE)
  2702 | D:4      | Killed makewrite's ghost
  3051 | D:5      | Entered Level 5 of the Dungeon
  3060 | D:5      | Your scales start taking on a golden yellow colour.
  3060 | D:5      | Reached XP level 7. HP: 55/57 MP: 7/7
  3120 | D:5      | Noticed Eustachio
  3130 | D:5      | Killed Eustachio
  3136 | D:5      | Reached **** piety under Trog
  3142 | D:5      | Found Tacsel's Book Shoppe.
  3241 | D:5      | Reached XP level 8. HP: 57/63 MP: 8/8
  3283 | D:5      | Found Dunum's Gadget Shop.
  3287 | D:5      | Noticed Duvessa
  3289 | D:5      | Noticed Dowan
  3308 | D:5      | Killed Duvessa
  3308 | D:5      | Reached skill level 10 in Long Blades
  3312 | D:5      | Killed Dowan
  3597 | D:5      | Found Attatobi's Assorted Antiques.
  3610 | D:5      | Found Giobaoh's Assorted Antiques.
  3639 | D:5      | Bought 2 orange potions for 41 gold pieces
  3639 | D:5      | Bought a scroll labeled YZOACA DELI for 23 gold pieces
  3639 | D:5      | Bought a scroll labeled RAXZYMI RUEPAO for 23 gold pieces
  3639 | D:5      | Bought a scroll labeled XUFREHOUBLU for 23 gold pieces
  3639 | D:5      | Bought a scroll labeled XUFREHOUBLU for 23 gold pieces
  3653 | D:5      | Bought a scroll labeled ZULIDU IHITU for 26 gold pieces
  3885 | D:6      | Found Janwoum's Gadget Shop.
  4163 | D:6      | Found an iron altar of Okawaru.
  4759 | D:7      | Found a staircase to the Ecumenical Temple.
  4768 | D:7      | Reached XP level 9. HP: 63/70 MP: 9/9
  5938 | D:8      | Reached ***** piety under Trog
  6200 | D:8      | Noticed Erica
  6222 | D:8      | Killed Erica
  6222 | D:8      | Reached XP level 10. HP: 25/77 MP: 10/10
  6267 | D:8      | Found a sand-covered staircase.
  6271 | Ossuary  | Entered an ossuary
  6435 | Ossuary  | Received a gift from Trog
  6637 | Ossuary  | Gained mutation: Your spells are a little harder to cast, but a little more powerful. [potion of mutation]
  6637 | Ossuary  | Gained mutation: Your system is resistant to poisons. (rPois) [potion of mutation]
  6693 | Ossuary  | Reached skill level 11 in Fighting
  6693 | Ossuary  | Reached XP level 11. HP: 102/102 MP: 11/11
  6746 | D:8      | Found a basalt altar of Yredelemnul.
  6839 | D:8      | Found a burning altar of Makhleb.
  7259 | D:8      | Found a staircase to the Lair.
  7896 | D:9      | Found Hoinnuma's Distillery.
  8120 | D:9      | Reached skill level 5 in Dodging
  8444 | D:10     | Entered Level 10 of the Dungeon
  8544 | D:10     | Noticed Maurice
  8552 | D:10     | Killed Maurice
  8959 | D:10     | Received a gift from Trog
  9192 | D:10     | Noticed a hill giant
  9210 | D:10     | Killed a hill giant
  9277 | D:10     | Found a staircase to the Orcish Mines.
  9287 | D:10     | Got a polished long sword
  9288 | D:10     | Identified the +11 long sword of Yshruif {speed, rN+ Str+4} (You found it on level 10 of the Dungeon)
  9475 | D:10     | Killed an unseen horror
  9490 | D:10     | Noticed a hill giant
  9495 | D:10     | Killed a hill giant
  9843 | Lair:1   | Entered Level 1 of the Lair of Beasts
  9969 | Lair:1   | Noticed an eight-headed hydra
  9977 | Lair:1   | Killed a four-headed hydra
 10400 | Lair:1   | Reached XP level 12. HP: 72/110 MP: 12/12
 10463 | Lair:1   | Reached skill level 12 in Fighting
 10788 | Lair:1   | Noticed a seven-headed hydra
 10804 | Lair:1   | Killed a three-headed hydra
 11377 | Lair:2   | Reached skill level 13 in Fighting
 11637 | Lair:2   | Noticed miloradov's ghost (journeyman HECj)
 11660 | Lair:2   | Killed miloradov's ghost
 11992 | Lair:3   | Noticed a four-headed hydra
 12005 | Lair:3   | Killed a one-headed hydra
 12005 | Lair:3   | Received a gift from Trog
 12005 | Lair:3   | Reached skill level 14 in Fighting
 12261 | Lair:3   | Reached skill level 15 in Fighting
 12520 | Lair:3   | Noticed Nergalle
 12534 | Lair:3   | Killed Nergalle
 12701 | Lair:3   | Reached XP level 13. HP: 93/127 MP: 13/13
 13299 | D:7      | Received a gift from Trog
 13367 | D:5      | Bought a wand of teleportation (3/9) for 273 gold pieces
 13516 | D:9      | Bought a potion of beneficial mutation for 595 gold pieces
 13516 | D:9      | Gained mutation: Your spells are harder to cast, but more powerful. [potion of beneficial mutation]
 13698 | Lair:4   | Found a frozen archway.
 13707 | IceCv    | Entered an ice cave
 14001 | IceCv    | Reached skill level 15 in Long Blades
 14515 | IceCv    | Noticed a frost giant
 14527 | IceCv    | Killed a frost giant
 15081 | Lair:4   | You fall through a shaft for 2 floors!
 15081 | Lair:6   | Entered Level 6 of the Lair of Beasts
 15241 | Lair:6   | Received a gift from Trog
 15402 | Lair:6   | Reached skill level 16 in Fighting
 15510 | Lair:6   | Found a staircase to the Slime Pits.
 15558 | Lair:6   | Found a viscous altar of Jiyva.
 16000 | Lair:6   | Gained mutation: You have acidic saliva. [Yellow Draconian growth]
 16000 | Lair:6   | Reached XP level 14. HP: 83/138 MP: 4/14
 16305 | Lair:6   | Reached skill level 17 in Fighting
 16990 | Lair:5   | Received a gift from Trog
 17493 | Lair:5   | Reached skill level 18 in Fighting
 18402 | Lair:4   | Found a staircase to the Shoals.
 18530 | Lair:4   | Found a hole to the Spider Nest.
 18681 | Lair:4   | Received a gift from Trog
 19591 | Orc:1    | Entered Level 1 of the Orcish Mines
 20166 | Orc:2    | Entered Level 2 of the Orcish Mines
 20189 | Orc:2    | Found a staircase to the Elven Halls.
 21399 | Orc:2    | Gained mutation: You tend to lose your temper in combat. [a neqoxec]
 21400 | Orc:2    | Paralysed by an orc sorcerer for 6 turns
 21403 | Orc:2    | Gained mutation: You are clumsy. (Dex -2) [a neqoxec]
 21413 | Orc:2    | Killed from afar by an orc sorcerer

Skill      XL: |  1  2  3  4  5  6  7  8  9 10 11 12 13 14 |
---------------+-------------------------------------------+-----
Long Blades    | 4 5 6 8 9 11 14 16 17 | 17.2
Fighting       | 11 15 16 18 | 18.2
Dodging        | 9 |  9.1

Action                   |  1- 3 |  4- 6 |  7- 9 | 10-12 | 13-15 || total
-------------------------+-------+-------+-------+-------+-------++-------
Melee: Falchion          |    97 |   154 |   317 |     7 |       ||   575
       Tailslap          |    10 |    16 |    67 |   116 |   187 ||   396
       Long sword        |       |     6 |    49 |   389 |   119 ||   563
       Unarmed           |       |       |     7 |       |       ||     7
       Scimitar          |       |       |       |   189 |    30 ||   219
       Double sword      |       |       |       |       |   464 ||   464
       Great sword       |       |       |       |       |   213 ||   213
       Bite              |       |       |       |       |    69 ||    69
Invok: Berserk           |     4 |     3 |     8 |     7 |     9 ||    31
       Trog's Hand       |       |       |     1 |     1 |     3 ||     5
 Abil: Spit Acid         |       |       |     1 |       |       ||     1
  Use: Potion            |       |     4 |     5 |     3 |     2 ||    14
       Scroll            |       |       |     8 |    10 |     6 ||    24
 Stab: Sleeping          |       |       |     1 |     2 |     2 ||     5
       Distracted        |       |       |       |     1 |       ||     1
       Petrified         |       |       |       |       |     2 ||     2
  Eat: Chunk             |     3 |    11 |    12 |    25 |    36 ||    87
       Bread ration      |       |       |     1 |     1 |       ||     2
       Royal jelly       |       |       |       |       |     1 ||     1
Armor: Skin              |    34 |    50 |    95 |    85 |   146 ||   410
Dodge: Dodged            |    79 |   103 |   217 |   306 |   715 ||  1420
       Rpst.: Falchion   |    20 |    38 |    47 |       |       ||   105
       Long sword        |       |     3 |     8 |    57 |    23 ||    91
       Scimitar          |       |       |       |    27 |     1 ||    28
       Double sword      |       |       |       |       |   103 ||   103
       Great sword       |       |       |       |       |    57 ||    57
